 Dungeon Crawl Stone Soup version 0.21.1-1-g345015f (webtiles) character file.

44 inc the Vexing (level 3, 14/14 HPs)
             Began as a Felid Enchanter on Mar 11, 2018.
             Quit the game on level 3 of the Dungeon.
             The game lasted 00:05:02 (3159 turns).

inc the Vexing (Felid Enchanter)                    Turns: 3159, Time: 00:05:03

Health: 14/14      AC:  1    Str:  4    XL:     3   Next: 39%
Magic:  7/7        EV: 18    Int: 17    God:
Gold:   138        SH:  0    Dex: 16    Spells: 1/6 levels left
                                        Lives:  0   Deaths: 1

rFire    . . .     SeeInvis +     - Unarmed
rCold    . . .     Gourm    .   (shield unavailable)
rNeg     . . .     Faith    .   (armour unavailable)
rPois    .         Spirit   .   (helmet unavailable)
rElec    .         Reflect  .   (cloak unavailable)
rCorr    +         Harm     .   (gloves unavailable)
MR       .....                  (boots unavailable)
Stlth    +++.......             (no amulet)
HPRegen  0.04/turn              f - ring of resist corrosion
MPRegen  0.10/turn              (no ring)

@: quick
A: very small, no armour, no weapons or thrown items, stealth, claws 1, fangs 3,
see invisible, carnivore, speed 1, shaggy fur 1, slow metabolism 1, sharp paws
a: no special abilities


You were on level 3 of the Dungeon.
You were not hungry.

You visited 1 branch of the dungeon, and saw 3 of its levels.

You collected 138 gold pieces.

Inventory:

Jewellery
 f - a ring of resist corrosion (left paw)
Scrolls
 d - a scroll of amnesia
 e - a scroll of random uselessness {unknown}
 h - a scroll of immolation {unknown}
 i - a scroll of identify
 l - 2 scrolls of teleportation {unknown}
Potions
 c - a potion of agility {unknown}
 g - a potion of might
 j - a potion of curing
 k - a potion of lignification {unknown}
 m - a potion of heal wounds {unknown}
Books
 a - a book of Maledictions

   Spells                             Type                      Level
   a - Corona                         Hexes                        1
   b - Ensorcelled Hibernation        Hexes/Ice                    2
   c - Confuse                        Hexes                        3
   d - Tukima's Dance                 Hexes                        3
   e - Dazzling Spray                 Conjuration/Hexes            3
Comestibles
 b - 5 rations


   Skills:
 - Level 2.6 Dodging
 - Level 4.0 Stealth
 + Level 4.3 Unarmed Combat
 - Level 2.0 Spellcasting
 - Level 4.4 Hexes


You had one spell level left.
You knew the following spells:

 Your Spells              Type           Power        Failure   Level  Hunger
a - Confuse               Hex            ###.....     10%         3    ###....
b - Ensorcelled Hibernat  Hex/Ice        #.....       12%         2    ###....


Dungeon Overview and Level Annotations

Branches:
Dungeon (3/15)

Altars:
Fedhas


Innate Abilities, Weirdness & Mutations

You cannot wear armour.
You are incapable of wielding weapons or throwing items.
Your paws allow you to move quietly. (Stealth)
You have sharp claws.
You have razor-sharp teeth.
You have supernaturally acute eyesight. (SInv)
You are carnivorous and can eat meat at any time.
You cover ground quickly.
You are covered in fur. (AC +1)
You have a slow metabolism.
Your sharp claws are effective at attacking unaware monsters.


Message History

Aim: an orc, wielding a short sword (chance to defeat MR: 58%)
The orc looks drowsy...
You pounce on the unaware helpless orc!
You mangle the orc!!
You kill the orc!
Casting: Ensorcelled Hibernation
Confirm with . or Enter, or press ? or * to list all spells.
You don't have enough magic to cast that spell.
Unknown command.
You closely miss the orc. The orc hits you with a mace.
You scratch the orc.
The orc is severely wounded.
The orc misses you.
You scratch the orc.
The orc is almost dead.
The orc hits you with a mace!
You die...
You are now level 3!
You rejoin the land of the living...
Unknown command.
Are you sure you want to abandon this character and quit the game? (Confirm with "yes".)

###................#.#
.......o.........###.#
###..###.######## #.#
.....###.# #.######.#
.........# #........#
###.###########
#.########
#...........# #.#
#.#########.######.#
#.# #.#.@....# #.#
#.#.####.# #.#
######.#.####.# ...
...............# ..#
################ .##
.#


There were no monsters in sight!

Vanquished Creatures
  2 adders
  A worm (D:2)
  3 dart slugs
  3 leopard geckos
  5 orcs
  5 giant cockroaches
  7 goblins
  4 hobgoblins
  4 jackals (D:3)
  6 kobolds
  3 quokkas
  5 bats
  2 frilled lizards
  6 rats
56 creatures vanquished.

Notes
Turn   | Place    | Note
-------+----------+-------------------------------------------
     0 | D:1      | inc the Felid Enchanter began the quest for the Orb.
     0 | D:1      | Reached XP level 1. HP: 7/7 MP: 4/4
   729 | D:1      | Reached XP level 2. HP: 11/11 MP: 6/6
   777 | D:1      | Learned a level 2 spell: Ensorcelled Hibernation
  1358 | D:2      | Reached XP level 3. HP: 14/14 MP: 7/7
  1698 | D:2      | Found a blossoming altar of Fedhas.
  2601 | D:3      | Learned a level 3 spell: Confuse
  2738 | D:3      | Reached XP level 4. HP: 13/18 MP: 1/8
  3158 | D:3      | Slain by an orc
  3159 | D:3      | Reached XP level 3. HP: 0/14 MP: 1/7
  3159 | D:3      | Quit the game

Skill      XL: |  1  2  3 |
---------------+----------+-----
Unarmed Combat | 2 3 4 |  4.3
Dodging        | |  2.6
Stealth        | |  4.0
Spellcasting   | |  2.0
Hexes          | |  4.4

Action                   |  1- 3 |  4- 6 || total
-------------------------+-------+-------++-------
Melee: Unarmed           |    79 |    46 ||   125
       Bite              |     6 |     3 ||     9
 Cast: Corona            |     2 |       ||     2
       Ensorcelled Hiber |    32 |    13 ||    45
       Confuse           |     1 |       ||     1
  Use: Scroll            |     3 |       ||     3
 Stab: Sleeping          |    28 |     9 ||    37
  Eat: Chunk             |     2 |     7 ||     9
       Ration            |     1 |       ||     1
Armor: Skin              |     4 |     3 ||     7
Dodge: Dodged            |    60 |    30 ||    90
